 Dungeon Crawl Stone Soup version 0.30.1-11-g7821555f0a (webtiles) character file.

Game seed: 8038570236577434307

20540 Finegan the Basher (level 12, -16/104 HPs)
             Began as a Minotaur Fighter on Nov 23, 2023.
             Was an Initiate of Gozag.
             Killed from afar by a shock serpent (32 damage)
             ... with a bolt of electricity
             ... on level 3 of the Snake Pit.
             The game lasted 00:55:00 (11619 turns).

Finegan the Basher (Minotaur Fighter)              Turns: 11619, Time: 00:55:02

Health: -16/104    AC: 17    Str: 25    XL:     12   Next: 46%
Magic:  11/11      EV: 12    Int:  7    God:    Gozag
Gold:   98         SH: 15    Dex: 11    Spells: 11/11 levels left

rFire   + . .        i - +6 shillelagh "Devastator" {shatter}
rCold   . . .        z - +0 tower shield {AC+3}
rNeg    . . .        H - +2 troll leather armour
rPois   +            (helmet restricted)
rElec   .            (no cloak)
rCorr   .            e - +1 pair of gloves of Midsummer {+Blink Str+2}
SInv    +            (no boots)
Will    .....        (no amulet)
Stlth   ++++         M - +4 ring of protection
HPRegen 1.17/turn    h - ring of poison resistance
MPRegen 0.12/turn

%: no passive effects
@: mighty, gold aura
A: horns 2, retaliatory headbutt, camouflage 1, see invisible, fire resistance 1
a: Renounce Religion, Evoke Blink, Potion Petition, Call Merchant, Bribe Branch


You were on level 3 of the Snake Pit.
You worshipped Gozag.
Gozag was noncommittal.
You visited 4 branches of the dungeon, and saw 17 of its levels.
You also visited: Ossuary.

You collected 2323 gold pieces.
You spent 418 gold pieces at shops.
You paid 1807 gold pieces to Gozag.

Inventory:

Hand Weapons
 a - a +0 war axe
 i - the +6 shillelagh "Devastator" (weapon) {shatter}
   (You found it on level 6 of the Dungeon)
Missiles
 D - 3 javelins (quivered)
 N - 2 boomerangs
Armour
 b - a +2 scale mail
 c - a +2 buckler
 e - the +1 pair of gloves of Midsummer (worn) {+Blink Str+2}
   (You found it on level 2 of the Lair of Beasts)

   Str:       It affects your strength (+2).
   +Blink:    It lets you blink.
 z - a +0 tower shield of protection (worn)
 H - a +2 troll leather armour (worn)
Jewellery
 d - a ring of see invisible
 g - a ring of fire
 h - a ring of poison resistance (right hand)
 m - a ring of resist corrosion
 F - an amulet of the acrobat
 L - a +5 ring of evasion
 M - a +4 ring of protection (left hand)
Wands
 j - a wand of polymorph (6)
 y - a wand of paralysis (1)
 I - a wand of flame (15)
Scrolls
 l - 3 scrolls of magic mapping
 r - a scroll of poison
 u - 4 scrolls of amnesia
 x - 2 scrolls of noise {unknown}
 B - a scroll of torment {unknown}
Potions
 k - 4 potions of mutation
 o - 2 potions of curing
 p - 4 potions of brilliance
 s - 2 potions of attraction
 t - 3 potions of resistance
 v - 2 potions of lignification {unknown}
 w - 4 potions of flight
 A - 2 potions of magic
 C - a potion of haste
 G - a potion of cancellation {unknown}


   Skills:
 * Level 9.3 Fighting
 - Level 4.7(8.1) Axes
 * Level 10.2(10.6) Maces & Flails
 * Level 7.2 Throwing
 * Level 9.6 Armour
 * Level 7.7 Dodging
 * Level 6.1 Stealth
 * Level 9.5 Shields
 * Level 6.2 Evocations


You had 11 spell levels left.
You didn't know any spells.
Your spell library contained the following spells:

 Spells                   Type           Power      Damage    Failure   Level
 Magic Dart               Conj           0%         1d3       88%         1
 Necrotise                Necr           0%         1d4       88%         1
 Sting                    Tmut/Pois      0%         1d3       88%         1
 Poisonous Vapours        Pois/Air       0%         N/A       95%         2
 Portal Projectile        Hex/Tloc       0%         N/A       99%         3
 Tukima's Dance           Hex            0%         N/A       99%         3
 Vampiric Draining        Necr           0%         2d6       99%         3
 Olgreb's Toxic Radiance  Pois           0%         N/A       100%        4
 Agony                    Necr           0%         N/A       100%        5
 Blade Hands              Tmut           0%         N/A       100%        5


Dungeon Overview and Level Annotations

Branches:
Dungeon (10/15)            Temple (1/1) D:5            Lair (3/5) D:9
 Shoals (0/4) Lair:3        Snake (3/4) Lair:3      Ossuary (visited)
    Orc: D:9-12

Altars:
Ashenzari
Cheibriados
Dithmenos
Elyvilon
Fedhas
Gozag
Hepliaklqana
Kikubaaqudgha
Makhleb
Nemelex Xobeh
Okawaru
Qazlal
Ru
Sif Muna
Trog
Uskayaw
Vehumet
Wu Jian
Xom
Yredelemnul
Zin
The Shining One

Shops:
D:2 ?   D:4 =[   D:6 (   D:7 [   D:10 *

Annotations:
D:9 1 transporter, Cheops's ghost, journeyman MfGl


Innate Abilities, Weirdness & Mutations

You have a pair of horns on your head.
You reflexively headbutt those who attack you in melee.
Your skin changes colour to match your surroundings (Stealth+).
You have supernaturally acute eyesight. (SInv)
Your flesh is heat resistant. (rF+)


Message History

A shock serpent comes into view.
The naga sharpshooter unwields a +0 glaive.
The naga sharpshooter wields a +0 shortbow.
The naga sharpshooter mumbles some strange words.
The naga sharpshooter magically shoots an arrow.
You block the arrow.
The naga sharpshooter gestures wildly while chanting.
The naga sharpshooter magically shoots an arrow.
You block the arrow.
You sock the naga sharpshooter!
You kill the naga sharpshooter!
The shock serpent bites you! The shock serpent shocks you!
* * * LOW HITPOINT WARNING * * *
You closely miss the shock serpent. You headbutt the shock serpent!
The shock serpent is lightly wounded.
The shock serpent's electric aura discharges, shocking you!
* * * LOW HITPOINT WARNING * * *
The shock serpent shoots out a bolt of lightning at you!
The bolt of electricity hits you!
* * * LOW HITPOINT WARNING * * *
You feel better. You block the shock serpent's attack.
You block the black mamba's attack. The shock serpent misses you.
You block the black mamba's attack.
You feel very mighty all of a sudden.
The black mamba is distracted by your dazzling golden aura.
The shock serpent bites you.
* * * LOW HITPOINT WARNING * * *
The shock serpent shocks you!
* * * LOW HITPOINT WARNING * * *
Unknown command.
You feel better. You block the shock serpent's attack.
The naga sharpshooter mumbles some strange words.
The shock serpent bites you but does no damage.
You closely miss the black mamba.
The black mamba is no longer distracted by gold.
You block the black mamba's attack.
The shock serpent shoots out a bolt of lightning at you!
The bolt of electricity hits you!!
You die...
Your body crumbles into a pile of gold.

.......#####
#.# .......#
#.# .#######
#.# .# #.#
.#
#######.##
.#
#........#
.#
#........#
##
#....^...# #
#...N$S@.# #
......##S##
......#....#
......####.#
..... ..#
.[.. .# . .#
#


You could see a naga sharpshooter, a shock serpent and a black mamba.

Vanquished Creatures
  A hydra (Lair:2)
  2 anacondas (Snake:3)
  A two-headed ogre (D:10)
  A naga warrior (Snake:1)
  3 shock serpents (Snake:3)
  A naga sharpshooter (Snake:3)
  A salamander mystic (Snake:3)
  A salamander (Snake:3)
  An elephant (Lair:2)
  6 black mambas
  A cane toad (Lair:1)
  2 naga magi (Snake:3)
  A torpor snail (Lair:2)
  2 komodo dragons
  An unseen horror (D:8)
  A troll (D:9)
  Grinder (D:3)
  The ghost of Rebeltree the Scratcher, a novice FeTm of Nemelex Xobeh (D:8)
  A hornet (D:9)
  5 wyverns
  10 yaks
  A wraith (D:10)
  3 vampire mosquitoes (D:10)
  7 nagas
  5 water moccasins
  2 acid dragons (D:10)
  An orc warrior (D:10)
  A sky beast (D:8)
  3 black bears
  6 wolves (Lair:1)
  2 ice beasts
  4 ogres
  2 centaurs
  5 kobold brigands
  9 bullfrogs
  2 scorpions
  17 killer bees
  3 howler monkeys
  3 orc priests
  2 gnoll boudas
  4 iguanas
  5 orc wizards
  3 mummies (Ossuary)
  7 gnolls
  4 adders
  A shadow imp (D:7)
  3 white imps
  An ufetubus (D:5)
  An adder zombie (Ossuary)
  3 worms
  4 dart slugs
  35 orcs
  8 endoplasms
  6 giant cockroaches
  5 goblins
  5 hobgoblins
  4 jackals (D:2)
  26 kobolds
  8 quokkas
  8 ball pythons
  8 bats
  6 goblin zombies (Ossuary)
  4 hobgoblin zombies (Ossuary)
  2 kobold zombies (Ossuary)
  4 quokka zombies (Ossuary)
  3 rats
  A rat zombie (Ossuary)
291 creatures vanquished.

Vanquished Creatures (collateral kills)
  A hydra (Lair:3)
  A black mamba (Lair:3)
  2 orcs (D:5)
4 creatures vanquished.

Vanquished Creatures (others)
  A naga (Lair:3)
  A kobold (D:9)
2 creatures vanquished.

Grand Total: 297 creatures vanquished

Notes
Turn   | Place    | Note
-------+----------+-------------------------------------------
     0 | D:1      | Finegan the Minotaur Fighter began the quest for the Orb.
     0 | D:1      | Reached XP level 1. HP: 19/19 MP: 0/0
   216 | D:1      | Reached XP level 2. HP: 27/27 MP: 1/1
   424 | D:2      | Reached XP level 3. HP: 33/33 MP: 2/2
   473 | D:3      | Noticed an ogre
   483 | D:3      | Killed an ogre
   484 | D:3      | Reached skill level 1 in Throwing
   484 | D:3      | Reached skill level 1 in Dodging
   484 | D:3      | Reached skill level 1 in Stealth
   484 | D:3      | Reached XP level 4. HP: 15/40 MP: 3/3
   532 | D:3      | Noticed Grinder
   550 | D:3      | Paralysed by Grinder for 2 turns
   554 | D:3      | Killed Grinder
   555 | D:3      | Reached XP level 5. HP: 18/47 MP: 4/4
   555 | D:3      | Reached XP level 6. HP: 21/53 MP: 5/5
   719 | D:4      | Found Aveogil's Armour Emporium.
   861 | D:5      | Entered Level 5 of the Dungeon
   861 | D:5      | Found a staircase to the Ecumenical Temple.
   898 | Temple   | Entered the Ecumenical Temple
   898 | Temple   | Found a transporter.
   898 | Temple   | Found a transporter.
   900 | Temple   | Found a transporter.
   900 | Temple   | Found a transporter.
  1074 | D:6      | Found the +6 shillelagh "Devastator" {shatter}
  1100 | D:6      | Reached skill level 5 in Fighting
  1100 | D:6      | Reached skill level 5 in Armour
  1100 | D:6      | Reached skill level 5 in Shields
  1100 | D:6      | Reached XP level 7. HP: 22/61 MP: 6/6
  1101 | D:6      | Reached skill level 1 in Maces & Flails
  1110 | D:6      | Reached skill level 1 in Evocations
  1267 | D:6      | Found Sinongu's Weapon Emporium.
  1293 | D:6      | Found a sand-covered staircase.
  1302 | Ossuary  | Entered an ossuary
  1509 | Ossuary  | Gained mutation: Your body sometimes deteriorates upon
                  | taking damage. [potion of mutation]
  1510 | Ossuary  | Lost mutation: Your body sometimes deteriorates upon taking
                  | damage. [potion of mutation]
  1510 | Ossuary  | Gained mutation: Your flesh is heat resistant. (rF+)
                  | [potion of mutation]
  1510 | Ossuary  | Gained mutation: Your skin changes colour to match your
                  | surroundings (Stealth+). [potion of mutation]
  1510 | Ossuary  | Gained mutation: You have supernaturally acute eyesight.
                  | (SInv) [potion of mutation]
  1925 | D:5      | Reached skill level 2 in Maces & Flails
  2449 | D:5      | Reached XP level 8. HP: 65/69 MP: 7/7
  2827 | Temple   | Became a worshipper of Ru the Awakened
  3043 | Temple   | Fell from the grace of Ru
  3043 | Temple   | Became a worshipper of Gozag Ym Sagoz the Greedy
  3269 | D:4      | Found Mozxatz's Jewellery Shoppe.
  4338 | D:2      | Found Numuzuyv's Magic Scroll Boutique.
  4349 | D:2      | Bought a scroll of immolation for 44 gold pieces
  4349 | D:2      | Bought a scroll of identify for 22 gold pieces
  4349 | D:2      | Bought a scroll of identify for 22 gold pieces
  5759 | D:6      | Reached skill level 3 in Maces & Flails
  6085 | D:7      | Found Wewaboel's Armour Boutique.
  6153 | D:7      | Bought a +1 troll leather armour for 330 gold pieces
  6186 | D:8      | Reached skill level 4 in Maces & Flails
  6381 | D:8      | Reached XP level 9. HP: 75/75 MP: 8/8
  6499 | D:9      | Noticed a troll
  6506 | D:9      | Killed a troll
  6509 | D:9      | Reached skill level 5 in Maces & Flails
  6560 | D:9      | Noticed a komodo dragon
  6570 | D:9      | Killed a komodo dragon
  6571 | D:9      | Reached skill level 6 in Maces & Flails
  6584 | D:9      | Found a staircase to the Lair.
  6600 | D:9      | Found a transporter.
  6605 | D:9      | Noticed Cheops's ghost (journeyman MfGl)
  6606 | D:9      | Found a transporter.
  6621 | D:9      | Noticed a queen bee
  6749 | D:9      | Found a radiant altar of Vehumet.
  6752 | D:9      | Found an ancient bone altar of Kikubaaqudgha.
  6752 | D:9      | Found a shimmering blue altar of Sif Muna.
  6788 | D:9      | Got Vehumet's Vellum of Battling
  7240 | D:9      | Reached XP level 10. HP: 76/84 MP: 9/9
  7250 | D:9      | Reached skill level 5 in Throwing
  7631 | D:8      | Found a large runed translucent door.
  7631 | D:8      | Found a large runed translucent door.
  7634 | D:8      | Noticed Rebeltree's ghost (novice FeTm)
  7648 | D:8      | Killed Rebeltree's ghost
  7649 | D:8      | Reached skill level 7 in Maces & Flails
  9137 | Lair:1   | Entered Level 1 of the Lair of Beasts
  9169 | D:10     | Entered Level 10 of the Dungeon
  9413 | D:10     | Reached skill level 5 in Dodging
  9452 | D:10     | Reached skill level 8 in Maces & Flails
  9462 | D:10     | Noticed a two-headed ogre
  9467 | D:10     | Killed a two-headed ogre
  9473 | D:10     | Reached XP level 11. HP: 28/93 MP: 10/10
  9624 | D:10     | Reached skill level 5 in Stealth
  9870 | D:10     | Identified the +1 spear "Beetle's Undoing" {heavy, Drain
                  | rElec rPois Str+3}
 10692 | Lair:2   | Noticed a seven-headed hydra
 10724 | Lair:2   | HP: 2/94 [dream sheep (8)]
 10739 | Lair:2   | Identified the +1 pair of gloves of Midsummer {+Blink
                  | Str+2}
 10795 | Lair:2   | Killed a seven-headed hydra
 10840 | Lair:3   | Noticed a four-headed hydra
 10840 | Lair:3   | Found a staircase to the Shoals.
 10840 | Lair:3   | Found a staircase to the Snake Pit.
 10865 | Lair:3   | Reached skill level 9 in Maces & Flails
 10986 | Lair:3   | Reached skill level 5 in Evocations
 11025 | Lair:3   | Killed a four-headed hydra
 11134 | Snake:1  | Entered Level 1 of the Snake Pit
 11174 | Snake:2  | Noticed a naga warrior
 11184 | Snake:1  | Killed a naga warrior
 11244 | Snake:3  | Noticed an anaconda
 11254 | Snake:3  | Killed an anaconda
 11311 | Snake:3  | Noticed a shock serpent
 11322 | Snake:3  | Killed a shock serpent
 11323 | Snake:3  | Reached XP level 12. HP: 56/103 MP: 11/11
 11426 | Snake:3  | Noticed an anaconda
 11434 | Snake:3  | Killed an anaconda
 11441 | Snake:3  | Noticed a naga warrior
 11457 | Snake:3  | HP: 5/104 [naga sharpshooter/arrow (11)]
 11576 | Snake:3  | Reached skill level 10 in Maces & Flails
 11619 | Snake:3  | Killed from afar by a shock serpent

Illustrated notes

Levels and vault maps discovered:
D:1:      nicolae_arrival_memento_mori, layout_loops_corners, nrook_campfire
D:2:      layout_rooms, serial_shops, nicolae_shop_advertising_works
          [nicolae_subvault_shop_adworks], grunt_ministairs_7
D:3:      layout_loops_ring, uniq_grinder
D:4:      layout_loops_ring, serial_shops, shop, nicolae_shop_rolling_square
D:5:      layout_gridville, minmay_temple_entry_statues
D:6:      layout_loops_ring, chequers_ossuary_entry_cave, serial_shops,
          nicolae_square_shop, dilly_guarded_unrand_devastator
D:7:      layout_loops_ring, serial_shops, shop
D:8:      layout_loops_cross, ebering_ghost_disaster_area,
          chequers_serial_rivers_room_b, patterned_corridor
D:9:      layout_roguey, grunt_temple_overflow_magic_moments,
          due_lair_maze_entry_diamond, gammafunk_ghost_hive
D:10:     layout_loops_corners
Temple:   hellmonk_temple_divided_pantheon
Lair:1:   layout_cave_pods, minivault_24, serial_bayou_shore_b
Lair:2:   layout_small_grid, hangedman_lair_generics_rect
Lair:3:   layout_loops_ring, elwin_shoals_entry_rocks,
          minmay_snake_entry_guardpost_small, nzn_masters_of_martial_movement,
          grunt_megastairs_4
Snake:1:  layout_layer_cave, minmay_shoptagon, serial_bayou_shore_a
Snake:2:  layout_grid_maze, special_room, serial_shops,
          nicolae_shop_real_fake_doors, nicolae_shop_behind_doors,
          nicolae_triple_integral
Snake:3:  layout_basic, grunt_ministairs_8, drop_trap

Skill      XL: |  1  2  3  4  5  6  7  8  9 10 11 12 |
---------------+-------------------------------------+-----
Armour         | 4 5 7 8 9 |  9.6
Fighting       | 4 5 6 7 8 9 |  9.3
Axes           | 3 4 |  4.7
Throwing       | 1 2 3 4 6 7 |  7.2
Dodging        | 1 2 3 4 5 7 |  7.7
Stealth        | 1 2 3 4 5 6 |  6.1
Shields        | 4 5 6 7 8 9 |  9.5
Maces & Flails | 2 4 6 8 9 10 | 10.2
Evocations     | 1 2 3 4 5 6 |  6.2

Action                     |  1- 3 |  4- 6 |  7- 9 | 10-12 || total
---------------------------+-------+-------+-------+-------++-------
  Melee: War axe           |    42 |    33 |       |       ||    75
         Headbutt          |     7 |    10 |    19 |    31 ||    67
         Shillelagh        |       |     2 |   199 |   234 ||   435
  Throw: Dart              |       |       |     2 |     5 ||     7
         Javelin           |       |       |    36 |    46 ||    82
         Throwing net      |       |       |       |     2 ||     2
 Invoke: Potion Petition   |       |       |       |     3 ||     3
         Call Merchant     |       |       |       |     1 ||     1
Ability: Evoke Blink       |       |       |       |     2 ||     2
  Evoke: Wand              |       |       |     5 |    28 ||    33
    Use: Potion            |     1 |     2 |     2 |    13 ||    18
         Scroll            |       |     4 |    12 |     9 ||    25
   Stab: Paralysed         |       |       |     2 |     4 ||     6
         Distracted        |       |       |     2 |     3 ||     5
         Sleeping          |       |       |       |     4 ||     4
 Armour: Scale mail        |    35 |    21 |    50 |       ||   106
         Troll leather arm |       |       |    15 |    77 ||    92
         Skin              |       |       |       |     5 ||     5
  Dodge: Dodged            |    24 |    24 |    88 |   139 ||   275
  Block: Buckler           |    20 |     8 |    55 |    81 ||   164
         Tower shield      |       |       |       |    45 ||    45
